AoeStats
← BOOMKILLED

Black Forest

509534675Analyzed
2v2 RM · 5d ago on Sep 27, 2026· 70m 49s· 4 players
Game mode
Random Map
Map size
Medium (4 player)
Population
200
Speed
Normal
Resources
Standard
Victory
Conquest
Starting age
Dark Age
Ending age
Imperial Age
RankedLock teamsTeams togetherTeam positionsShared explorationLock speedFull tech treeHidden civsTurbo modeCheats
Victory
Defeat
🇩🇪 Vietnamese · Germany
539
+19
🇨🇦 Romans · Canada
516
+20
🇦🇷 Spanish · Argentina
617
-20
🇨🇱 Celts · Chile
581
-19
BOOMKILLED
2:53 Loom
12:39 Feudal Age
12:42 Man-at-Arms
14:20 Man-at-Arms
18:19 Wheelbarrow
17:32 Horse Collar
31:35 Castle Age
31:43 Gold Mining
31:49 Double-Bit Axe
32:25 Forging
32:15 Scale Mail Armor
31:54 Long Swordsman
33:53 Hand Cart
33:29 Town Watch
35:51 Bow Saw
37:11 Town Patrol
37:20 Squires
36:43 Pikeman
38:19 Heavy Plow
38:31 Scale Barding Armor
38:41 Chain Mail Armor
38:28 Padded Archer Armor
40:58 Stone Mining
41:53 Gold Shaft Mining
44:40 Fortified Wall
47:26 Imperial Age
47:46 Ballistas
49:33 Legionary
49:39 Halberdier
51:59 Halberdier
60:00 Heavy Scorpion
61:07 Comitatenses
61:08 Conscription
62:21 Elite Skirmisher
65:40 Leather Archer Armor
65:15 Fletching
65:47 Chain Barding Armor
66:04 Iron Casting
70:27 Capped Ram
user
1:07 Loom
13:54 Feudal Age
15:48 Scale Mail Armor
17:03 Double-Bit Axe
18:57 Horse Collar
19:14 Gold Mining
25:46 Castle Age
23:41 Man-at-Arms
28:40 Wheelbarrow
28:21 Bow Saw
28:13 Heavy Plow
36:32 Hand Cart
36:11 Stone Mining
36:46 Fletching
41:34 Imperial Age
40:08 Crossbowman
41:29 Bodkin Arrow
41:34 Padded Archer Armor
41:46 Forging
41:52 Chain Mail Armor
44:03 Bracer
45:25 Stone Shaft Mining
47:10 Ballistics
46:12 Elite Skirmisher
47:13 Town Watch
48:40 Two-Man Saw
49:06 Chemistry
48:19 Chatras
48:39 Paper Money
48:51 Town Patrol
49:08 Leather Archer Armor
49:28 Iron Casting
50:06 Imperial Skirmisher
51:49 Plate Mail Armor
51:49 Ring Archer Armor
54:00 Elite Rattan Archer
59:43 Scale Barding Armor
60:35 Bombard Tower
60:43 Caravan
61:26 Chain Barding Armor
61:16 Thumb Ring
61:09 Elite Battle Elephant
62:01 Pikeman
64:30 Plate Barding Armor
64:03 Halberdier
64:04 Elite Fire Lancer
64:45 Squires
Tarco I4967
10:52 Loom
14:55 Feudal Age
16:04 Gold Mining
16:07 Stone Mining
16:41 Double-Bit Axe
19:38 Wheelbarrow
19:10 Scale Mail Armor
19:21 Forging
20:50 Scale Barding Armor
20:55 Town Watch
21:10 Horse Collar
28:21 Castle Age
31:08 Hand Cart
30:59 Heavy Plow
31:10 Bow Saw
31:03 Caravan
34:13 Imperial Age
31:30 Town Watch
32:53 Iron Casting
32:39 Chain Barding Armor
32:35 Chain Mail Armor
34:19 Elite Conquistador
36:43 Blast Furnace
37:10 Conscription
38:13 Town Patrol
37:46 Capped Ram
38:19 Fletching
38:44 Bloodlines
38:35 Husbandry
39:10 Inquisition
40:25 Light Cavalry
42:30 Hussar
44:40 Plate Barding Armor
44:26 Cavalier
46:20 Siege Ram
47:22 Ballistics
47:14 Masonry
47:18 Fortified Wall
49:03 Two-Man Saw
51:08 Redemption
51:19 Block Printing
51:15 Fervor
51:27 Sanctity
51:40 Illumination
51:52 Theocracy
51:40 Pikeman
52:06 Gambesons
52:21 Squires
54:11 Elite Skirmisher
54:57 Thumb Ring
56:40 Halberdier
58:13 Bodkin Arrow
Pauloko22
17:28 Feudal Age
17:41 Man-at-Arms
20:57 Wheelbarrow
20:30 Horse Collar
28:07 Town Watch
34:24 Castle Age
34:13 Double-Bit Axe
49:57 Castle Age
51:16 Hand Cart
51:54 Pikeman
Connection lost

Rejoining the realm…

Still unreachable

The connection could not be restored.

Session expired

The server has moved on; the page needs a fresh start.